 Dungeon Crawl Stone Soup version 0.20.1-1-g8b1a95d (webtiles) character file.

382 Peloso the Skirmisher (level 6, -2/48 HPs)
             Began as a Demonspawn Fighter on Oct 14, 2017.
             Slain by a mummy (5 damage)
             ... in an ossuary.
             The game lasted 00:09:32 (3489 turns).

Peloso the Skirmisher (Demonspawn Fighter)          Turns: 3489, Time: 00:09:32

Health: -2/48      AC: 19    Str: 25    XL:     6   Next: 47%
Magic:  0/6        EV:  6    Int: 10    God:
Gold:   158        SH: 10    Dex: 12    Spells: 5/5 levels left

rFire    . . .     SeeInvis .   a - +1 long sword
rCold    + . .     Gourm    .   c - +0 shield
rNeg     + . .     Faith    .   b - +0 chain mail
rPois    +         Spirit   +   k - +0 helmet
rElec    .         Reflect  .   (no cloak)
rCorr    .         Harm     .   (no gloves)
MR       .....                  (no boots)
Stlth    ..........             (no amulet)
Regen    0.2/turn               r - ring of loudness (curse)
MPRegen  0.1/turn               o - ring of positive energy

@: mighty, sanguine armour
A: cold resistance 1, sense surroundings 1, poison resistance, strong 1,
evolution 1, magic shield, sanguine armour 2
a: no special abilities


You were in an ossuary.
You were not hungry.

You visited 1 branch of the dungeon, and saw 5 of its levels.
You also visited: Ossuary.

You collected 158 gold pieces.

Inventory:

Hand Weapons
 a - a +1 long sword (weapon)
Armour
 b - a +0 chain mail (worn)
 c - a +0 shield (worn)
 k - a +0 helmet (worn)
Jewellery
 e - an uncursed ring of flight
 o - a ring of positive energy (right hand)
 p - an uncursed amulet of rage
 r - a cursed ring of loudness (left hand)
Wands
 s - a wand of digging (8/24)
Scrolls
 t - 2 scrolls of enchant weapon
Potions
 g - a potion of invisibility
 h - a potion of flight
 j - a potion of magic
 m - a potion of haste
 n - a potion of mutation
Comestibles
 f - 5 bread rations
 i - a meat ration
 l - 3 chunks of flesh
 q - a royal jelly


   Skills:
 + Level 4.0 Fighting
 + Level 3.9 Long Blades
 + Level 3.9 Armour
 + Level 1.0 Dodging
 + Level 0.2 Stealth
 + Level 3.9 Shields


You had 5 spell levels left.
You didn't know any spells.

Dungeon Overview and Level Annotations

Branches:
Dungeon (5/15)
 Temple: D:4-7

Altars:
Gozag
Kikubaaqudgha

Shops:
D:4 [

Annotations:
D:3 1 runed door


Innate Abilities, Weirdness & Mutations

Your flesh is cold resistant. (rC+)
When hurt, damage is shared between your health and your magic reserves.
When seriously injured, your bleeding wounds create thick armour. (AC +9)
You passively map a small area around you.
Your system is resistant to poisons. (rPois)
Your muscles are strong. (Str +2)
You evolve.


Message History

It was a potion of mutation.
You feel extremely strange.
You feel nature experimenting on you.
Don't worry, failures die fast.
You feel stronger.
You feel a strange attunement to the structure of the dungeons.
You feel resistant to poisons. You block the mummy's attack.
The mummy barely misses you.
You closely miss the mummy.
The mummy is moderately damaged.
The mummy closely misses you. The mummy barely misses you.
Unknown command.
You barely miss the mummy.
The mummy is moderately damaged.
The mummy hits you but does no damage. The mummy hits you!
* * * LOW HITPOINT WARNING * * *
Unknown command.
Okay, then.
You slash the mummy!
The mummy is almost destroyed.
The mummy hits you.
You die...

### *
#..######
* *
##....M@#,
,
#...∩.MM+
,
##......#
#..######
### *


You could see 3 mummies.

Vanquished Creatures
  A howler monkey (D:4)
  2 orc wizards (D:4)
  Terence (D:3)
  3 worker ants (D:4)
  A hound skeleton (D:4)
  A mummy (D:5)
  Robin (D:3)
  3 adders
  2 oozes (D:2)
  4 worms
  3 dart slugs
  4 leopard geckos
  13 orcs
  A ball python (D:1)
  4 giant cockroaches
  16 goblins
  10 hobgoblins
  5 kobolds
  5 bats
  4 frilled lizards
  A kobold zombie (D:5)
  A quokka skeleton (D:4)
  A quokka zombie (D:5)
  9 rats
96 creatures vanquished.

Notes
Turn   | Place    | Note
-------+----------+-------------------------------------------
     0 | D:1      | Peloso the Demonspawn Fighter began the quest for the Orb.
     0 | D:1      | Reached XP level 1. HP: 18/18 MP: 1/1
   302 | D:1      | Gained mutation: When hurt, damage is shared between your health and your magic reserves. [demonic ancestry]
   302 | D:1      | Reached XP level 2. HP: 23/24 MP: 2/2
   881 | D:2      | Found an ancient bone altar of Kikubaaqudgha.
   979 | D:2      | Gained mutation: When seriously injured, your bleeding wounds create armour. (AC +9) [demonic ancestry]
   979 | D:2      | Reached XP level 3. HP: 24/29 MP: 1/3
  1554 | D:3      | Noticed Terence
  1575 | D:3      | Killed Terence
  1575 | D:3      | Gained mutation: Your flesh is cold resistant. (rC+) [demonic ancestry]
  1575 | D:3      | Reached XP level 4. HP: 29/35 MP: 4/4
  2038 | D:3      | Found an opulent altar of Gozag.
  2136 | D:3      | Noticed Robin
  2151 | D:3      | Killed Robin
  2151 | D:3      | Reached skill level 1 in Dodging
  2169 | D:3      | Reached XP level 5. HP: 24/41 MP: 5/5
  2241 | D:3      | Found a runed door.
  2567 | D:4      | Found Ucsiacsa's Armour Shop.
  2928 | D:4      | Gained mutation: When seriously injured, your bleeding wounds create thick armour. (AC +9) [demonic ancestry]
  2928 | D:4      | Reached XP level 6. HP: 41/48 MP: 6/6
  3116 | D:4      | Reached skill level 4 in Fighting
  3277 | D:5      | Entered Level 5 of the Dungeon
  3398 | D:5      | Found a sand-covered staircase.
  3471 | Ossuary  | Entered an ossuary
  3486 | Ossuary  | Gained mutation: You evolve. [potion of mutation]
  3486 | Ossuary  | Gained mutation: Your muscles are strong. (Str +2) [potion of mutation]
  3486 | Ossuary  | Gained mutation: You passively map a small area around you. [potion of mutation]
  3486 | Ossuary  | Gained mutation: Your system is resistant to poisons. (rPois) [potion of mutation]
  3488 | Ossuary  | HP: 2/48 [mummy (8)]
  3489 | Ossuary  | Slain by a mummy

Skill      XL: |  1  2  3  4  5  6 |
---------------+-------------------+-----
Armour         | 3 |  3.9
Shields        | 3 |  3.9
Long Blades    | 2 3 |  3.9
Dodging        | 1 |  1.0
Fighting       | 4 |  4.0
Stealth        | |  0.2

Action                   |  1- 3 |  4- 6 || total
-------------------------+-------+-------++-------
Melee: Long sword        |   140 |   236 ||   376
  Use: Scroll            |     4 |     4 ||     8
       Potion            |       |     3 ||     3
  Eat: Chunk             |     2 |     7 ||     9
Armor: Scale mail        |    34 |       ||    34
       Chain mail        |    46 |   101 ||   147
Dodge: Dodged            |    30 |    52 ||    82
Block: Shield            |    59 |   106 ||   165
       Rpst.: Long sword |    10 |    18 ||    28
